 Dungeon Crawl Stone Soup version 0.20.1-1-g8b1a95d (webtiles) character file.

84 Imonibus the Poker (level 4, -1/27 HPs)
             Began as a Gargoyle Gladiator on Oct 8, 2017.
             Engulfed by a cloud of flame (24 damage)
             ... on level 2 of the Dungeon.
             The game lasted 00:18:59 (2383 turns).

Imonibus the Poker (Gargoyle Gladiator)             Turns: 2383, Time: 00:18:59

Health: -1/27      AC:  9    Str: 18    XL:     4   Next: 46%
Magic:  4/4        EV: 11    Int:  9    God:
Gold:   40         SH:  0    Dex: 11    Spells: 3/3 levels left

rFire    x . .     SeeInvis +   a - +0 trident
rCold    + . .     Gourm    .   (no shield)
rNeg     + . .     Faith    .   i - +0 ring mail {iiccasd}
rPois    ∞         Spirit   .   c - +0 helmet
rElec    +         Reflect  .   (no cloak)
rCorr    .         Harm     .   (no gloves)
MR       .....                  (no boots)
Stlth    +.........             (no amulet)
Regen    0.1/turn               j - ring of see invisible (curse)
MPRegen  0.1/turn               r - ring of ice

@: no status effects
A: negative energy resistance 1, electricity resistance, unbreathing,
petrification resistance, rot immunity, AC +3
a: no special abilities


You were on level 2 of the Dungeon.
You were not hungry.

You visited 1 branch of the dungeon, and saw 2 of its levels.

You collected 40 gold pieces.

Inventory:

Hand Weapons
 a - a +0 trident (weapon)
 e - a +0 dagger
 g - a cursed -2 club
 h - a +0 short sword
 k - a +0 dagger
 l - a +0 short sword
 n - a +0 dagger
 o - a +0 club
 q - a +0 club
 t - a +0 dagger
 u - a +0 dagger
 w - a +0 trident
 x - a +0 short sword
 y - a +1 flail of draining
 z - a +0 club
 C - a +0 rapier
Missiles
 d - 3 throwing nets (quivered)
Armour
 b - a +0 leather armour
 c - a +0 helmet (worn)
 f - a +0 robe
 i - a +0 ring mail (worn) {iiccasd}
 p - a +0 ring mail
 A - a +1 hat
Jewellery
 j - a cursed ring of see invisible (left hand)
 r - a ring of ice (right hand)
Scrolls
 m - a scroll of identify
 v - a scroll of teleportation
Comestibles
 s - a meat ration
 B - a bread ration


   Skills:
 + Level 2.5 Fighting
 * Level 3.9 Polearms
 + Level 1.7 Throwing
 + Level 0.7 Armour
 + Level 2.9 Dodging
 + Level 0.8 Stealth


You had 3 spell levels left.
You didn't know any spells.

Dungeon Overview and Level Annotations

Branches:
Dungeon (2/15)

Altars:
Vehumet


Innate Abilities, Weirdness & Mutations

You are resistant to torment.
Your stone body is resilient. (AC +3)
You are immune to poison.
You resist negative energy. (rN+)
You are resistant to electric shocks. (rElec)
You can survive without breathing.
You are immune to petrification.
You are immune to rotting.


Message History

z - a club Really walk into a travel-excluded area? [Y]es or [N]o only, please.
Really walk into a travel-excluded area?
Uppercase [Y]es or [N]o only, please.
Really walk into a travel-excluded area?
Really walk into that cloud of flame?
Okay, then.
You see here a glowing hat.
A - a glowing hat
There is a radiant altar of Vehumet here.
You kneel at the altar of Vehumet.
You now have 40 gold pieces (gained 3).
B - a bread ration You see here a rapier.
You see here a rapier.
C - a rapier You are engulfed in blazing flames.
Ouch! That really hurt!
You die...

#.# #.# #.# #.# #.# #.#
#.# ####### #.#
###+#§.@.?##########.#
#.....§..§#........#.#
#......_.§.........#.#
#.......§..........#.#
#.....§...####....##.#
..........#.......((..(#
#..###.##.##...........(#
##. #. #.##...........(#
# #. #.##............#


There were no monsters in sight!

Vanquished Creatures
  4 gnolls
  An adder (D:1)
  An ooze (D:1)
  A worm (D:1)
  A dart slug (D:1)
  3 bats (D:1)
  3 giant cockroaches (D:1)
  2 hobgoblins (D:1)
  7 kobolds
  3 frilled lizards (D:1)
  2 goblins (D:1)
  4 rats (D:1)
  A plant (D:1)
33 creatures vanquished.

Notes
Turn   | Place    | Note
-------+----------+-------------------------------------------
     0 | D:1      | Imonibus the Gargoyle Gladiator began the quest for the Orb.
     0 | D:1      | Reached XP level 1. HP: 12/12 MP: 1/1
   148 | D:1      | Reached skill level 3 in Polearms
   162 | D:1      | Reached XP level 2. HP: 17/17 MP: 2/2
   670 | D:1      | Reached XP level 3. HP: 22/22 MP: 3/3
  1726 | D:2      | Found a radiant altar of Vehumet.
  1806 | D:2      | HP: 1/22 [gnoll (2)]
  2117 | D:2      | Reached XP level 4. HP: 21/27 MP: 4/4
  2383 | D:2      | Engulfed by a cloud of flame

Skill      XL: |  1 |
---------------+----+-----
Polearms       | 3 |  3.9
Fighting       | |  2.5
Throwing       | |  1.7
Armour         | |  0.7
Dodging        | |  2.9
Stealth        | |  0.8

Action                   |  1- 3 |  4- 6 || total
-------------------------+-------+-------++-------
Melee: Trident           |   132 |    23 ||   155
  Use: Scroll            |     7 |       ||     7
       Potion            |     4 |       ||     4
  Eat: Bread ration      |     1 |       ||     1
Armor: Leather armour    |    15 |       ||    15
       Ring mail         |    43 |     5 ||    48
Dodge: Dodged            |    94 |    13 ||   107
